[Event "Late-Titled-Tuesday-Blitz-May-28-2024"]
[Site "Chess.com"]
[Date "2024.05.28"]
[Round "1"]
[White "IMRosen"]
[Black "Nekoo04"]
[Result "1-0"]
[WhiteElo "2719"]
[BlackElo "2416"]
[TimeControl "180+1"]
[EndTime "14:06:36 PDT"]
[Termination "IMRosen won by resignation"]

1. d4 d5 2. Bf4 c5 3. Nc3 Nf6 4. e4 e6 5. exd5 Nxd5 6. Bb5+ Nc6 7. Nxd5 Qxd5 8. Nf3 Qe4+ 9. Be3 cxd4 10. Qxd4 Qxd4 11. Nxd4 Bd7 12. Nxc6 bxc6 13. Bc4 c5 14. a4 Rb8 15. b3 Be7 16. O-O-O Bc6 17. f3 O-O 18. Rhe1 Rb4 19. Bd2 Rb7 20. Be3 Rfb8 21. Rd3 Rb4 22. Bf4 R8b7 23. Bd2 Rxc4 24. bxc4 Bxa4 25. Be3 h5 26.
Ra3 Bc6 27. Ra6 Rc7 28. Bf4 Rc8 29. Rxa7 Bf6 30. Be5 Bxe5 31. Rxe5 g6 32. Rxc5 1-0

[Event "Late-Titled-Tuesday-Blitz-May-28-2024"]
[Site "Chess.com"]
[Date "2024.05.28"]
[Round "1"]
[White "chessisveryfun1264"]
[Black "giovannibrandao7"]
[Result "0-1"]
[WhiteElo "2570"]
[BlackElo "2272"]
[TimeControl "180+1"]
[EndTime "14:06:37 PDT"]
[Termination "giovannibrandao7 won by checkmate"]

1. Nf3 Nf6 2. g3 g6 3. Bg2 Bg7 4. d4 O-O 5. O-O d5 6. c4 c6 7. b3 Nbd7 8. Bb2 b6 9. Nbd2 Bb7 10. Rc1 Rc8 11. e4 dxe4 12. Ng5 Re8 13. Ndxe4 Nxe4 14. Nxe4 Qc7 15. Qf3 c5 16. Rfd1 cxd4 17. Bxd4 Bxd4 18.
Rxd4 Nc5 19. Qe3 Nxe4 20. Bxe4 e5 21. Rd2 Kg7 22. Rcd1 Bxe4 23. Qxe4 Qc6 24. Rd5 Re7 25. Qe3 Rce8 26. Rd6 Qb7 27. R1d5 Qc7 28. Qc3 Kg8 29. a3 Qb7 30. b4 Qc7 31. c5 Rc8 32. Rxe5 Rxe5 33. Qxe5 bxc5 34. bxc5 h6 35. c6 Kh7 36. Rd7 Qxe5 37. Rxf7+ Kg8 38. Rd7 Qe1+ 39. Kg2 Qe4+ 40.
f3 Qe2+ 41. Kh3 Qe6+ 42. g4 Rxc6 43. Rxa7 Rc3 44. Kg3 Qe3 45. Ra8+ Kf7 46. Kh4 Qxf3 47. Ra7+ Ke8 48. Ra6 Qh3# 0-1

[Event "Late-Titled-Tuesday-Blitz-May-28-2024"]
[Site "Chess.com"]
[Date "2024.05.28"]
[Round "1"]
[White "th3d4rkness"]
[Black "Shuvalov"]
[Result "0-1"]
[WhiteElo "2154"]
[BlackElo "2556"]
[TimeControl "180+1"]
[EndTime "14:06:37 PDT"]
[Termination "Shuvalov won by resignation"]

1. e4 e6 2. d3 d5 3. Nd2 c5 4. g3 Nc6 5. Bg2 Nf6 6. Ngf3 Be7 7. O-O O-O 8. e5 Nd7 9. Re1 b5 10. Nf1 a5 11. h4 a4 12. a3 b4 13.
Bf4 bxa3 14. bxa3 Ba6 15. N1h2 Rb8 16. Ng5 h6 17. Qh5 hxg5 18. hxg5 g6 19. Qh4 Nd4 20.
Ng4 Nf5 21. Qh3 Bxg5 22. Bf3 Kg7 23. Nf6 Rh8 24. Qg4 Bxf4 25. Nxd7 Qxd7 26. Qxf4 Qe7 27.
Kg2 Nd4 28. Rh1 Nxc2 29. Rxh8 Rxh8 30. Rb1 Bxd3 31. Qxa4 Nd4 32. Rd1 Bc2 33. Rxd4 Bxa4 34. Rxa4 Qc7 0-1

[Event "Late-Titled-Tuesday-Blitz-May-28-2024"]
[Site "Chess.com"]
[Date "2024.05.28"]
[Round "1"]
[White "nihalsarin"]
[Black "Valiyev_Shahin"]
[Result "1-0"]
[WhiteElo "3250"]
[BlackElo "2538"]
[TimeControl "180+1"]
[EndTime "14:06:39 PDT"]
[Termination "nihalsarin won by resignation"]

1. d4 d5 2. c4 e6 3. Nc3 Be7 4. Nf3 Nf6 5. e3 O-O 6. Bd3 a6 7. b3 b6 8. O-O Bb7 9. Bb2 Nbd7 10. cxd5 exd5 11. Rc1 Bd6 12. Ne2 Re8 13. Ng3 g6 14. Qc2 Ne4 15. Ne5 Nxg3 16. hxg3 Nxe5 17. dxe5 Bxe5 18. Bxe5 Rxe5 19. Qxc7 Re7 20. Qf4 Rc8 21. Qd4 Rxc1 22. Rxc1 Rc7 23. Rd1 Qd6 24. Bc4 Qc5 25.
Qf6 Rc8 26. Be2 a5 27. Bg4 Re8 28. Bf3 b5 29. Qb2 b4 30. Rc1 Qb6 31. Qd2 Qd6 32.
Qd4 h5 33. Rc5 Rc8 34. Rxa5 Rc1+ 35. Kh2 h4 36. Qxh4 Qc7 37. Qxb4 Rf1 38. Rc5 Qe7 39.
Rc8+ Kh7 40. Qxe7 1-0

[Event "Late-Titled-Tuesday-Blitz-May-28-2024"]
[Site "Chess.com"]
[Date "2024.05.28"]
[Round "1"]
[White "RespectfulDaveOnYouTube"]
[Black "platy3"]
[Result "0-1"]
[WhiteElo "2480"]
[BlackElo "2878"]
[TimeControl "180+1"]
[EndTime "14:06:39 PDT"]
[Termination "platy3 won on time"]

1. e4 c5 2. Nf3 e6 3. d4 cxd4 4. Nxd4 Nc6 5. Nc3 Qc7 6. Be3 a6 7. Qf3 Ne5 8. Qg3 h5 9. h3 h4 10. Qh2 d6 11. f4 Nc4 12. Bxc4 Qxc4 13. O-O-O b5 14. g4 Bd7 15. Kb1 Rc8 16. e5 dxe5 17.
fxe5 Ne7 18. Qg2 Ng6 19. Rhe1 Bb4 20. Nde2 Ba5 21. Rxd7 Kxd7 22. Qb7+ Rc7 23. Rd1+ Ke7 24. Qxa6 Bb4 25. Rd4 Qc6 26. Qxc6 Rxc6 27. Rxb4 Nxe5 28. Rxb5 Nxg4 29. hxg4 h3 30. Bg5+ f6 31. Rb7+ Kd6 32.
Bf4+ e5 33. Ne4+ Ke6 34. Bh2 Rh4 35. N2c3 Rxg4 36. b4 Rg2 37. Nc5+ Kf5 38. Bxe5 fxe5 39.
N3e4 h2 40. Rf7+ Kg6 41. Rf1 Rg1 42. Rxg1+ hxg1=Q+ 43.
Kb2 Qe3 44. Nc3 Qd4 45. Kb3 Kf5 46. a3 g5 0-1

[Event "Late-Titled-Tuesday-Blitz-May-28-2024"]
[Site "Chess.com"]
[Date "2024.05.28"]
[Round "1"]
[White "Maus7"]
[Black "crazycheesecake"]
[Result "1-0"]
[WhiteElo "2556"]
[BlackElo "2150"]
[TimeControl "180+1"]
[EndTime "14:06:40 PDT"]
[Termination "Maus7 won by resignation"]

1. e4 c5 2. Nf3 d6 3. d4 cxd4 4. Nxd4 Nf6 5. Nc3 a6 6. Be3 e5 7. Nf3 Be7 8. Bc4 Be6 9. Bb3 O-O 10. O-O Nc6 11. Bg5 h6 12. Bxf6 Bxf6 13. Nd5 Be7 14. Qd3 Rc8 15. c3 Na5 16. Rad1 Nxb3 17. axb3 Re8 18.
b4 Bf8 19. Nd2 Qg5 20. Ne3 Red8 21. Ndc4 Qe7 22. Nb6 Rc6 23. Nbd5 Bxd5 24. Nxd5 Qe6 25. b5 Rcc8 26. bxa6 bxa6 27. Qxa6 Qg6 28. Qd3 Rb8 29. b4 Rbc8 30. b5 Rb8 31. b6 Rb7 32. Ra1 Rbb8 33. Ra7 h5 34. Rfa1 h4 35. h3 Qg5 36.
Qf3 Qg6 37. Qf5 Qxf5 38. exf5 f6 39. Rc7 Kh7 40. Nxf6+ Kh6 41. Nd7 Rbc8 42. Rxc8 Rxc8 43. b7 Rd8 44. b8=Q Rxd7 45. Qxf8 1-0

[Event "Late-Titled-Tuesday-Blitz-May-28-2024"]
[Site "Chess.com"]
[Date "2024.05.28"]
[Round "1"]
[White "KejJaj"]
[Black "Zq1"]
[Result "1-0"]
[WhiteElo "2134"]
[BlackElo "2534"]
[TimeControl "180+1"]
[EndTime "14:06:40 PDT"]
[Termination "KejJaj won by resignation"]

1. f4 d5 2. Nf3 g6 3. e3 Bg7 4. d4 Nh6 5. c4 c6 6. Nc3 O-O 7. Bd3 Bf5 8. Be2 Be6 9. c5 b6 10. cxb6 axb6 11. O-O Nf5 12. Na4 Nd6 13. Ne5 f6 14. Nd3 Bf5 15. Bd2 Nd7 16. Rc1 Rc8 17.
Qb3 Nc4 18. Rfd1 Kh8 19. Qb4 e5 20. b3 Nxd2 21. Rxd2 exd4 22. exd4 Be4 23. Rdc2 c5 24. dxc5 bxc5 25. Naxc5 Nxc5 26. Rxc5 Rxc5 27. Qxc5 f5 28. a4 g5 29. a5 gxf4 30. Nxf4 Be5 31. Ne6 Bxh2+ 32. Kxh2 Qh4+ 33. Kg1 1-0

[Event "Late-Titled-Tuesday-Blitz-May-28-2024"]
[Site "Chess.com"]
[Date "2024.05.28"]
[Round "1"]
[White "komogro"]
[Black "Synctel"]
[Result "1-0"]
[WhiteElo "2547"]
[BlackElo "2065"]
[TimeControl "180+1"]
[EndTime "14:06:40 PDT"]
[Termination "komogro won by resignation"]

1. d4 Nf6 2. c4 e6 3. Nf3 Bb4+ 4. Bd2 Qe7 5. g3 Nc6 6. Bg2 Bxd2+ 7. Nbxd2 O-O 8.
O-O d6 9. e4 e5 10. d5 Nb8 11.
Ne1 a5 12. Nd3 Na6 13. b3 Bd7 14. Qe2 c6 15. f4 cxd5 16. exd5 Rfe8 17. fxe5 dxe5 18.
Rae1 Qd6 19. h3 e4 20. Nxe4 Nxe4 21. Bxe4 Qxg3+ 22. Qg2 Qxh3 23. Qxh3 Bxh3 24. Rf3 Bg4 25. Rg3 h5 26. Kf2 f5 27. Bg2 Rxe1 28. Kxe1 Re8+ 29. Kd2 Re2+ 30. Kc3 Rxa2 31. d6 Nb8 32. Re3 Nd7 33. Re8+ Kh7 34. Re7 f4 35. Be4+ Kh6 36. Nxf4 Rf2 37.
Nd3 Nf6 38. Nxf2 1-0

[Event "Late-Titled-Tuesday-Blitz-May-28-2024"]
[Site "Chess.com"]
[Date "2024.05.28"]
[Round "1"]
[White "Abduzhaparov"]
[Black "moro182"]
[Result "0-1"]
[WhiteElo "2479"]
[BlackElo "2884"]
[TimeControl "180+1"]
[EndTime "14:06:41 PDT"]
[Termination "moro182 won on time"]

1. Nf3 g6 2. c4 Bg7 3. Nc3 d6 4. e4 Nc6 5. d4 Bg4 6. Be3 e5 7.
d5 Nd4 8. Be2 Bxf3 9. gxf3 Ne7 10. h4 h5 11. f4 c5 12. dxc6 bxc6 13. fxe5 dxe5 14. f4 Bh6 15. Qd2 Qa5 16. O-O-O Rd8 17. Kb1 Ne6 18. Nd5 Qxd2 19. Nf6+ Kf8 20. Bxd2 Kg7 21.
Rhf1 Kxf6 22. fxe5+ Kg7 23. Bb4 c5 24. Ba5 Rxd1+ 25.
Rxd1 Nd4 26. Bf1 Nec6 27. Bc7 Bf4 28. Bd6 Bxe5 29. Bxc5 Rc8 30. b4 Ne6 31. Rd5 Nxc5 32. Rxc5 Bd6 33. Rd5 Bxb4 34. c5 Ne7 35. Rd7 Bxc5 36.
Bc4 Kf6 37. Bb3 a5 38. Rb7 Ba3 39. Bc2 Nc6 40. Rb6 Rb8 41. Rxb8 Nxb8 0-1

[Event "Late-Titled-Tuesday-Blitz-May-28-2024"]
[Site "Chess.com"]
[Date "2024.05.28"]
[Round "1"]
[White "Mischuk_D"]
[Black "Jahonas"]
[Result "0-1"]
[WhiteElo "2694"]
[BlackElo "2426"]
[TimeControl "180+1"]
[EndTime "14:06:41 PDT"]
[Termination "Jahonas won on time"]

1. e4 c6 2. d4 d5 3. exd5 cxd5 4. c4 Nf6 5. Nc3 Nc6 6. Nf3 e6 7. c5 Bd7 8. Bb5 Be7 9. Rb1 O-O 10. O-O Ne4 11.
Qc2 Nb4 12. Qa4 Bxb5 13. Qxb5 Nxc3 14. bxc3 Nc6 15. Bf4 Na5 16. Ne5 Rc8 17. h3 h6 18.
Rfc1 Bf6 19. Qa4 Bxe5 20. Bxe5 b6 21. Bd6 Re8 22. Rb5 Nc4 23. Qa6 Nxd6 24. cxd6 Qd7 25. Rb3 Rc4 26. Ra3 Ra8 27. Rb1 Qxd6 28. Rxb6 Qxb6 29.
Qb5 Qxb5 0-1

[Event "Late-Titled-Tuesday-Blitz-May-28-2024"]
[Site "Chess.com"]
[Date "2024.05.28"]
[Round "1"]
[White "ACollins05"]
[Black "Yaacovn"]
[Result "1/2-1/2"]
[WhiteElo "2483"]
[BlackElo "2864"]
[TimeControl "180+1"]
[EndTime "14:06:42 PDT"]
[Termination "Game drawn by repetition"]

1. d4 Nf6 2. c4 e5 3. dxe5 Ne4 4. Nd2 Bb4 5. a3 Bxd2+ 6. Bxd2 Nc6 7. Nf3 Nxd2 8. Qxd2 O-O 9. e3 Qe7 10. Qc3 Re8 11. Be2 Nxe5 12. Nxe5 Qxe5 13. Qxe5 Rxe5 14. O-O d6 15. Bf3 Bd7 16. Rfd1 Bc6 17. Bxc6 bxc6 18. Rd2 a5 19. Kf1 Rb8 20. Rc1 c5 21. Ke2 f5 22.
Rcc2 Kf7 23. Kf3 Ke6 24. h4 g6 25. g3 h6 26. Rd1 Re4 27. Rh1 Kf6 28. Rd1 Rb3 29.
Ke2 Re8 30. Rd3 Rb6 31. Kf3 Reb8 32. Rdd2 a4 33. Ke2 g5 34. hxg5+ hxg5 35. Kf3 g4+ 36. Ke2 Ke5 37. Kd3 Rb3+ 38. Ke2 Ke4 39. Kd1 Rh8 40. Kc1 Rh1+ 41. Rd1 Rxd1+ 42. Kxd1 Kf3 43. Rd2 Rb8 44.
Kc2 Rh8 45. b3 axb3+ 46. Kxb3 Rb8+ 47. Kc3 Ke4 48. Ra2 c6 49. a4 d5 50. a5 d4+ 51.
exd4 cxd4+ 52. Kd2 c5 53. a6 Ke5 54. a7 Ra8 55. Kd3 Kd6 56. Ra6+ Kc7 57. Ra5 Kb6 58. Rb5+ Kc6 59. Ra5 Kd6 60. Ra6+ Kc7 61. Ra5 Kb6 62. Rb5+ Kc6 63. Ra5 Kb6 1/2-1/2

[Event "Late-Titled-Tuesday-Blitz-May-28-2024"]
[Site "Chess.com"]
[Date "2024.05.28"]
[Round "1"]
[White "Slovineanu"]
[Black "FairChess_on_YouTube"]
[Result "0-1"]
[WhiteElo "2532"]
[BlackElo "3079"]
[TimeControl "180+1"]
[EndTime "14:06:44 PDT"]
[Termination "FairChess_on_YouTube won by resignation"]

1. d4 Nf6 2. Nf3 e6 3. c4 b6 4.
e3 Bb7 5. Bd3 g6 6. O-O Bg7 7.
Nc3 d5 8. b3 O-O 9. Bb2 Nbd7 10. Rc1 dxc4 11. Bxc4 c5 12. dxc5 Nxc5 13. Qe2 a6 14. b4 Ncd7 15. Rfd1 Qe7 16. a3 Rfc8 17. Bd3 a5 18. bxa5 Rxa5 19. Bb5 Nc5 20. a4 Raa8 21.
Ne5 Nd5 22. Nxd5 Bxd5 23. Nc4 Bxb2 24. Qxb2 Nxa4 25. Bxa4 Rxc4 26. Rxc4 Bxc4 27. Rd7 Qg5 28. Bc6 Qa5 29. h4 Qa1+ 30. Qxa1 Rxa1+ 31. Kh2 b5 32. Rb7 Rb1 33. Be8 e5 34. h5 Kg7 35.
g4 gxh5 36. g5 b4 37. f4 exf4 38. exf4 h4 39. Kh3 Rh1+ 40. Kg4 h3 41. Rxb4 Be6+ 42.
Kg3 Rg1+ 43. Kh2 Rg2+ 44. Kh1 Bd5 45. Rd4 Rd2+ 46. Rxd5 Rxd5 47. Kh2 Rd4 48. Kxh3 Rxf4 0-1

[Event "Late-Titled-Tuesday-Blitz-May-28-2024"]
[Site "Chess.com"]
[Date "2024.05.28"]
[Round "1"]
[White "RuperezA"]
[Black "topce"]
[Result "1-0"]
[WhiteElo "2699"]
[BlackElo "2402"]
[TimeControl "180+1"]
[EndTime "14:06:45 PDT"]
[Termination "RuperezA won on time"]

1. d4 Nf6 2. Nf3 e6 3. e3 d5 4. Bd3 c5 5. O-O Nc6 6. c3 a6 7. Nbd2 Bd6 8. Qe2 O-O 9. dxc5 Bxc5 10. e4 dxe4 11. Nxe4 Nxe4 12. Bxe4 f5 13. Bxc6 bxc6 14. Bf4 a5 15. Rfd1 Qe7 16. Ne5 Ra6 17. Qc4 Rb6 18. Rd2 Ba6 19. Qa4 Bb5 20. Qd1 g5 21. Rd7 Qf6 22. Qh5 Be7 23. Be3 c5 24. Ra7 Be8 25.
Qe2 Bb5 26. c4 Be8 27. b3 Bd8 28. Bxc5 Rc6 29. Bxf8 Qxf8 30. Nxc6 Bxc6 31. Qxe6+ Kh8 32. Qxc6 f4 33. Qd7 Qg8 34. Qd4+ 1-0

[Event "Late-Titled-Tuesday-Blitz-May-28-2024"]
[Site "Chess.com"]
[Date "2024.05.28"]
[Round "1"]
[White "Umumba_FM"]
[Black "jbking07"]
[Result "0-1"]
[WhiteElo "2626"]
[BlackElo "2368"]
[TimeControl "180+1"]
[EndTime "14:06:45 PDT"]
[Termination "jbking07 won by resignation"]

1. e4 c5 2. Nf3 Nc6 3. Bb5 e6 4. Bxc6 dxc6 5. O-O Nf6 6. Re1 Qc7 7. b3 e5 8. Bb2 Bd6 9. d3 O-O 10. Nbd2 Re8 11. a4 a5 12. Nc4 b6 13. h3 Ba6 14. Ne3 Bc8 15. Qd2 Bd7 16. Nc4 Rad8 17. Qg5 h6 18. Qg3 Nh5 19. Qh2 f6 20. Bc1 Bf8 21.
g4 Nf4 22. Bxf4 exf4 23. e5 b5 24. axb5 cxb5 25. Nxa5 fxe5 26. Nd2 Ra8 27. b4 cxb4 28. Nab3 Rxa1 29. Rxa1 Qxc2 30. d4 Be6 31. dxe5 Bxb3 32. Nxb3 Qxb3 33. Qxf4 Qf7 34. Qe4 Bc5 35. Rf1 Qe6 36.
Re1 Rf8 37. Re2 b3 38. Kg2 Qc4 39. e6 Qxe4+ 40. Rxe4 b2 41. Re1 Rxf2+ 42. Kg3 Rc2 43. Rb1 Ba3 44. g5 hxg5 45. Kg4 Rc1 46. e7 Kf7 0-1

[Event "Late-Titled-Tuesday-Blitz-May-28-2024"]
[Site "Chess.com"]
[Date "2024.05.28"]
[Round "1"]
[White "Blitz"]
[Black "h4parah5"]
[Result "0-1"]
[WhiteElo "2516"]
[BlackElo "2990"]
[TimeControl "180+1"]
[EndTime "14:06:47 PDT"]
[Termination "h4parah5 won by resignation"]

1. d4 Nf6 2. Nc3 e6 3. e4 d5 4. Bg5 dxe4 5. Nxe4 Nbd7 6. g3 Be7 7. Nxf6+ Bxf6 8.
Bxf6 Qxf6 9. Bg2 O-O 10. Nf3 c5 11. O-O Rd8 12. c3 cxd4 13. Qxd4 Qxd4 14. Nxd4 Kf8 15. Rad1 Ke7 16. Rfe1 g6 17. f4 Rb8 18. f5 e5 19. Nf3 f6 20. fxg6 hxg6 21. Nh4 Nf8 22. Be4 Rxd1 23. Rxd1 f5 24. Bc2 Be6 25. b3 b5 26. Nf3 Nd7 27. Kf2 Rc8 28. Bd3 e4 29. Bxb5 exf3 30. Bxd7 Bxd7 31. c4 Bc6 32. h4 Rd8 33. Rxd8 Kxd8 34. b4 Kc7 35. b5 Be4 36.
c5 a6 37. a4 a5 38. Ke3 Bc2 39. Kxf3 Bxa4 40. b6+ Kb7 41. Kf4 Be8 42. Ke5 a4 43. Kd4 a3 44. Kc3 Bf7 45. Kc2 Bd5 46. Kc3 Kc6 0-1

[Event "Late-Titled-Tuesday-Blitz-May-28-2024"]
[Site "Chess.com"]
[Date "2024.05.28"]
[Round "1"]
[White "KorolDimitriy75"]
[Black "Goryachkina"]
[Result "0-1"]
[WhiteElo "2398"]
[BlackElo "2691"]
[TimeControl "180+1"]
[EndTime "14:06:47 PDT"]
[Termination "Goryachkina won on time"]

1. d4 Nf6 2. c4 e6 3. Nc3 Bb4 4. Qc2 d5 5. cxd5 exd5 6. Bg5 h6 7. Bxf6 Qxf6 8. a3 Bxc3+ 9. Qxc3 c6 10. e3 O-O 11.
Ne2 Re8 12. Ng3 Nd7 13. Be2 Nf8 14. O-O g6 15. Rfc1 h5 16. h3 Qg5 17. Kh1 h4 18.
Nf1 Qf6 19. f3 Nh7 20. b4 Bd7 21. a4 Ng5 22. Qe1 Ne6 23. Qc3 Rac8 24. a5 Ng7 25. Qe1 Nf5 26. Qf2 Re7 27. Rc3 Rce8 28. Ra2 Qg5 29. f4 Qf6 30. Rac2 Nd6 31. Bf3 Bf5 32.
Rc1 Be4 33. Be2 Kg7 34. Kh2 Bf5 35. Bf3 Re6 36. a6 Nb5 37. Rb3 b6 38. Kh1 Nc7 39. Ra3 Rd6 40. Kh2 Bc8 41. Rca1 Rde6 0-1

[Event "Late-Titled-Tuesday-Blitz-May-28-2024"]
[Site "Chess.com"]
[Date "2024.05.28"]
[Round "1"]
[White "Mackster23"]
[Black "RichardShtivelband"]
[Result "1-0"]
[WhiteElo "2671"]
[BlackElo "2383"]
[TimeControl "180+1"]
[EndTime "14:06:49 PDT"]
[Termination "Mackster23 won by resignation"]

1. e4 e5 2. Nf3 Nc6 3. Bb5 a6 4. Ba4 Bc5 5. c3 Nge7 6. O-O O-O 7. d4 Ba7 8. d5 Nb8 9. Nxe5 d6 10.
Nd3 Ng6 11. Re1 f5 12. exf5 Bxf5 13. Be3 Bxe3 14. Rxe3 Qh4 15. g3 Qh3 16. Nd2 Bxd3 17. Rxd3 Ne5 18. Rd4 b5 19. Rh4 Qf5 20. Rf4 Qg6 21.
Bc2 Qe8 22. Rxf8+ Qxf8 23. f4 Ned7 24. Ne4 Nf6 25. Qd4 Nbd7 26. Ng5 Nb6 27. Re1 Nbxd5 28.
Nxh7 c5 29. Qd2 Qf7 30. Ng5 Qc7 31. Be4 Nxe4 32. Qxd5+ 1-0

[Event "Late-Titled-Tuesday-Blitz-May-28-2024"]
[Site "Chess.com"]
[Date "2024.05.28"]
[Round "1"]
[White "LikeWater"]
[Black "Problematique_99"]
[Result "0-1"]
[WhiteElo "2714"]
[BlackElo "2478"]
[TimeControl "180+1"]
[EndTime "14:06:52 PDT"]
[Termination "Problematique_99 won by resignation"]

1. d4 a6 2. e4 b5 3. Nf3 Bb7 4. Bd3 e6 5. O-O c5 6. c3 Nf6 7. Qe2 Be7 8. a4 O-O 9. e5 Nd5 10. axb5 axb5 11. Rxa8 Bxa8 12. Bxb5 cxd4 13. Nxd4 d6 14.
exd6 Qxd6 15. Rd1 Rd8 16. Nf3 Nf4 17. Qd2 Qb6 18. Qxd8+ Bxd8 19. Be3 Qa5 20. b4 Qc7 21. Bxf4 Qc8 22. Nbd2 Bf6 23. Nc4 Bxf3 24. gxf3 Qb7 25. Bxb8 Qxb5 26. Ne5 Qxb8 27. Nd7 Qf4 28. Kg2 Qg5+ 29.
Kf1 Qb5+ 30. Kg2 h5 31. Nxf6+ gxf6 32. Rc1 Qg5+ 0-1

[Event "Late-Titled-Tuesday-Blitz-May-28-2024"]
[Site "Chess.com"]
[Date "2024.05.28"]
[Round "1"]
[White "amintabatabaei"]
[Black "dolynachess"]
[Result "1-0"]
[WhiteElo "3042"]
[BlackElo "2527"]
[TimeControl "180+1"]
[EndTime "14:06:53 PDT"]
[Termination "amintabatabaei won by resignation"]

1. Nf3 Nf6 2. c4 c5 3. b3 g6 4. Bb2 Bg7 5. g3 O-O 6. Bg2 Nc6 7. O-O a6 8. d4 cxd4 9. Nxd4 Nxd4 10. Bxd4 d6 11.
Nc3 Rb8 12. Qd2 Be6 13. a4 Qa5 14. Rfd1 Rfc8 15. e4 Qh5 16. Nd5 Bxd5 17. exd5 Nd7 18. Re1 Bxd4 19. Qxd4 Re8 20. a5 b6 21. axb6 Rxb6 22.
Re3 Qg5 23. Rae1 Qf6 24. Qd1 a5 25. h4 Kf8 26. Rf3 Qb2 27. Re2 Qg7 28. Qd2 a4 29.
bxa4 Qa1+ 30. Kh2 Qxa4 31. Bh3 Ne5 32. Rxe5 dxe5 33. Be6 Rxe6 34. dxe6 f6 35. h5 Kg7 36. h6+ Kf8 37. Qd5 Qa1 38. Rxf6+ exf6 39. Qd6+ Kg8 40.
Qd7 1-0

[Event "Late-Titled-Tuesday-Blitz-May-28-2024"]
[Site "Chess.com"]
[Date "2024.05.28"]
[Round "1"]
[White "RaugintaBulba"]
[Black "HamedWafa4"]
[Result "0-1"]
[WhiteElo "2423"]
[BlackElo "2734"]
[TimeControl "180+1"]
[EndTime "14:06:54 PDT"]
[Termination "HamedWafa4 won on time"]

1. d4 Nf6 2. c4 e6 3. Nf3 Bb4+ 4. Bd2 Be7 5. g3 O-O 6. Bg2 d5 7. O-O c6 8. Qc2 a5 9. b3 a4 10. bxa4 Qb6 11. a5 Qa6 12. Ne5 Nbd7 13. cxd5 cxd5 14. Nd3 Ne4 15. Bxe4 dxe4 16. Nf4 Nf6 17. a4 Bd7 18. Na3 Rfc8 19. Qb3 g5 20. Ng2 Qxe2 21. Bxg5 Rxa5 22. Bxf6 Bxf6 23. Qxb7 Rd8 24. Nf4 Qa6 25. Qxe4 Rxa4 26. Nh5 Bh8 27. Nc2 Bc6 28. Qh4 Ra8 29. Qg5+ Kf8 30.
Qh6+ Ke7 31. Qg5+ Kf8 32. Qc5+ Ke8 33. Rxa4 Qxa4 34. Nb4 Bb7 35. Nd3 Bxd4 36. Qb6 Bxb6 0-1

[Event "Late-Titled-Tuesday-Blitz-May-28-2024"]
[Site "Chess.com"]
[Date "2024.05.28"]
[Round "1"]
[White "Jospem"]
[Black "WPWPWP-2015"]
[Result "1-0"]
[WhiteElo "3016"]
[BlackElo "2521"]
[TimeControl "180+1"]
[EndTime "14:06:58 PDT"]
[Termination "Jospem won by checkmate"]

1. e4 e5 2. Nf3 Nc6 3. Nc3 Nf6 4. g3 Be7 5. Bg2 O-O 6. O-O Re8 7. d3 d6 8. h3 h6 9. Nh2 Nd4 10. f4 b5 11. Ne2 c5 12. c3 Nxe2+ 13. Qxe2 Bf8 14. a4 bxa4 15. Rxa4 Bd7 16. Ra1 a5 17. Ng4 Nxg4 18.
hxg4 a4 19. Bf3 Rb8 20. Kg2 Bc6 21. g5 exf4 22. gxh6 fxg3 23. hxg7 Bxg7 24. Bh5 Rf8 25. Qg4 f5 26. Qh3 c4 27. Bg6 Rf6 28. Qh7+ Kf8 29. Bh6 Qd7 30. Qh8+ Ke7 31. Qxg7+ Kd8 32. Qxf6+ Kc7 33.
Bxf5 Qe8 34. Qg7+ Kb6 35. Be3+ Kb5 36. dxc4+ Kxc4 37. Qd4+ Kb5 38. c4+ Kb4 39. Qc3# 1-0

[Event "Late-Titled-Tuesday-Blitz-May-28-2024"]
[Site "Chess.com"]
[Date "2024.05.28"]
[Round "1"]
[White "chess_sharparchitect"]
[Black "IamSchrodingersCat"]
[Result "0-1"]
[WhiteElo "2370"]
[BlackElo "2658"]
[TimeControl "180+1"]
[EndTime "14:06:58 PDT"]
[Termination "IamSchrodingersCat won on time"]

1. c4 Nf6 2. Nc3 g6 3. e4 d6 4. d4 Bg7 5. h3 O-O 6. Be3 Na6 7. Nge2 e5 8. d5 Nc5 9. Qc2 a5 10. g4 h5 11. f3 Nh7 12. O-O-O h4 13. f4 exf4 14.
Nxf4 Ng5 15. Bd3 Re8 16. Rhf1 Qe7 17. Bxc5 dxc5 18. Rde1 Be5 19. Ng2 Nxh3 20. Rh1 Nf4 21. Nxh4 Kg7 22. Kb1 Rh8 23. d6 cxd6 24. Nf3 Bxg4 25.
Nxe5 Qxe5 26. Nd5 Nxd5 27. exd5 Rxh1 28. Rxh1 Rh8 29. Rf1 Rh2 30. Qc1 Qd4 31. Qc3 Qxc3 32. bxc3 Rd2 33. Bc2 f5 34. Kc1 Rh2 35. Kb2 Kf6 36.
Kb3 g5 37. Bb1 f4 38. Ka4 Be2 39. Re1 f3 40. Kxa5 Rh8 41. Be4 f2 42. Rxe2 f1=Q 0-1

[Event "Late-Titled-Tuesday-Blitz-May-28-2024"]
[Site "Chess.com"]
[Date "2024.05.28"]
[Round "1"]
[White "el008"]
[Black "blueryder"]
[Result "1-0"]
[WhiteElo "2561"]
[BlackElo "2177"]
[TimeControl "180+1"]
[EndTime "14:06:59 PDT"]
[Termination "el008 won on time"]

1. Nf3 Nc6 2. d4 d5 3. g3 Bf5 4. a3 e6 5. Bg2 Nf6 6. O-O Be7 7. Nbd2 h6 8. c4 O-O 9. b3 Ne4 10. Bb2 Bf6 11. e3 a6 12. Nxe4 Bxe4 13. Nd2 Bxg2 14. Kxg2 e5 15. cxd5 Qxd5+ 16. e4 Qd7 17. d5 Ne7 18.
Nc4 Ng6 19. Na5 Rab8 20. Rc1 Be7 21. b4 f5 22. Qh5 Kh7 23. exf5 Rxf5 24. Qd1 Rbf8 25.
Nxb7 Rg5 26. Qc2 Kh8 27. Kh1 Qxd5+ 28. f3 Qxb7 29. Qxc7 Qa8 30. Qc6 Qxc6 31. Rxc6 Kh7 32. Rxa6 Rgf5 33. Kg2 h5 34. Rc6 h4 35. Bc3 h3+ 36.
Kxh3 Rxf3 37. Rxf3 Rxf3 38. a4 Kh6 39. a5 Kh5 40. Kg2 Rd3 41. a6 Rd1 42. a7 Rd8 43. b5 Nf8 44. b6 Nd7 45. b7 Nc5 46. a8=Q Rxa8 47. bxa8=Q 1-0

[Event "Late-Titled-Tuesday-Blitz-May-28-2024"]
[Site "Chess.com"]
[Date "2024.05.28"]
[Round "1"]
[White "vi_pranav"]
[Black "ImportedItalianMaple"]
[Result "1-0"]
[WhiteElo "3052"]
[BlackElo "2528"]
[TimeControl "180+1"]
[EndTime "14:07:01 PDT"]
[Termination "vi_pranav won by resignation"]

1. e4 c5 2. Nf3 a6 3. c3 d5 4. e5 Nc6 5. d4 Bg4 6. Be2 e6 7. O-O Qb6 8. dxc5 Bxc5 9. Nbd2 Nh6 10. Nb3 Be7 11. Bxh6 gxh6 12. Nfd4 Bxe2 13. Qxe2 Rg8 14.
Rad1 Nxd4 15. Rxd4 O-O-O 16. Rfd1 Rg6 17. g3 Rdg8 18.
c4 dxc4 19. Qxc4+ Kb8 20. Rd7 Rc8 21. Qe4 Rc7 22. Qf3 f5 23. Rxc7 Qxc7 24. Qe3 Bg5 25.
Qc5 Be7 26. Qxc7+ Kxc7 27. f4 h5 28. Kg2 h4 29. Kf3 hxg3 30. hxg3 h5 31. Rh1 Rh6 32. Nd4 Kd7 33. Rd1 Ke8 34. Rc1 Kd7 35. a3 h4 36.
Rd1 Ke8 37. gxh4 Bxh4 38. Rh1 Kf7 39. Rc1 Bd8 40. Rc8 Ke7 41. Rb8 Rh3+ 42. Kg2 Rd3 43. Rxb7+ Ke8 44. Nxe6 Ba5 45. b4 Rxa3 46. bxa5 Rxa5 47.
Ng7+ Kf8 48. Nxf5 1-0

[Event "Late-Titled-Tuesday-Blitz-May-28-2024"]
[Site "Chess.com"]
[Date "2024.05.28"]
[Round "1"]
[White "WindWhistler11"]
[Black "JohnWhite1952"]
[Result "1-0"]
[WhiteElo "2545"]
[BlackElo "1987"]
[TimeControl "180+1"]
[EndTime "14:07:02 PDT"]
[Termination "WindWhistler11 won by resignation"]

1. Nf3 Nf6 2. g3 g6 3. Bg2 Bg7 4. O-O O-O 5. c4 c5 6. Nc3 Nc6 7. a3 d6 8. Rb1 Bd7 9. b4 cxb4 10.
axb4 a5 11. b5 Nb4 12. Ba3 d5 13. Bxb4 axb4 14. Rxb4 dxc4 15. Rxc4 Qa5 16. Ra4 Qb6 17. Rb4 Ra5 18. Qb1 Rfa8 19. Ne5 Bf5 20. Nc4 Qd8 21. e4 Ra1 22. Qc2 Rxf1+ 23. Bxf1 Be6 24. Ne3 Ra1 25. Rb1 Rxb1 26. Nxb1 Qxd2 27. Nxd2 h5 28. h4 Kh7 29. Bc4 Bd7 30. Nf3 e6 31. Ng5+ Kg8 32. Qa2 Kf8 33. Qa8+ Ke7 34. Qxb7 Ne8 35. Nxf7 Nd6 36. Nxd6 Kxd6 37.
Bb3 1-0